 Dungeon Crawl Stone Soup version 0.19.0-26-g9e9c210 (webtiles) character file.

132972 Ladykiller69 the Severer (level 17, -4/135 HPs)
             Began as a Formicid Fighter on Nov 23, 2016.
             Was the Champion of Cheibriados.
             Shot with a stone by a faun (13 damage)
             ... on level 4 of the Shoals.
             The game lasted 01:39:01 (20165 turns).

Ladykiller69 the Severer (Formicid Fighter)        Turns: 20165, Time: 01:39:02

Health: -4/135     AC: 12    Str: 36    XL:     17   Next: 71%
Magic:  0/31       EV: 22    Int: 34    God:    Cheibriados [******]
Gold:   1260       SH: 28    Dex: 25    Spells: 0 memorised, 16 levels left

rFire  + . .     SeeInvis +     a - +3 war axe (freeze)
rCold  . . .     Gourm    .     C - +4 moon troll leather armour {Spirit, Regen++ MP+5}
rNeg   + . .     Faith    .     c - +0 large shield {rPois}
rPois  +         Spirit   +     (helmet unavailable)
rElec  .         Reflect  +     S - +0 cloak
rCorr  .         Harm     .     r - +0 pair of gloves of the Iron City of Dis {+Inv Int+4} (curse)
MR     +....                    (no boots)
Stlth  ++........               b - +4 amulet of reflection
                                w - ring of positive energy
                                g - ring of protection from fire

@: afraid, very slow
A: permanent stasis, dig shafts and tunnels, four strong arms, antennae 3
a: Dig, Shaft Self, Bend Time, Temporal Distortion, Slouch, Step From Time,
Renounce Religion, Evoke Invisibility


You were on level 4 of the Shoals.
You worshipped Cheibriados.
Cheibriados was exalted by your worship.
You were hungry.

You visited 6 branches of the dungeon, and saw 28 of its levels.
You also visited: Sewer.

You collected 1260 gold pieces.

Inventory:

Hand Weapons
 a - a +3 war axe of freezing (weapon)
 k - the +7 morningstar of the Shallot {freeze, rC+ Str+3 Stlth+}
   (You found it on level 13 of the Dungeon)

   It has been specially enchanted to freeze those struck by it, causing extra
   injury to most foes and up to half again as much damage against particularly
   susceptible opponents.
   It can also slow down cold-blooded creatures.
   It affects your strength (+3).
   It protects you from cold.
   It makes you more stealthy.
Missiles
 i - 23 steel javelins
 o - 5 javelins of returning
 s - 3 steel tomahawks
 u - 42 javelins (quivered)
 x - 81 tomahawks
 T - 7 throwing nets
 Y - 16 tomahawks of returning
 Z - 4 silver javelins
Armour
 c - a +0 large shield of poison resistance (worn)
 r - the cursed +0 pair of gloves of the Iron City of Dis (worn) {+Inv Int+4}
   (You found it on level 5 of the Lair of Beasts)

   It affects your intelligence (+4).
   It lets you turn invisible.
   It has a curse placed upon it.
 C - the +4 moon troll leather armour (worn) {Spirit, Regen++ MP+5}
   (You found it on level 4 of the Dungeon)

   It affects your magic capacity (+5).
   It increases your rate of regeneration.
 S - a +0 cloak (worn)
Magical Staves
 v - an uncursed staff of power
Jewellery
 b - a +4 amulet of reflection (around neck)
 g - a ring of protection from fire (left hand)
 w - a ring of positive energy (right hand)
 D - an uncursed ring of protection from magic
Wands
 E - a wand of digging (12/24)
 F - a wand of iceblast (7/15)
 G - a wand of disintegration (14/24)
 L - a wand of lightning (7/15)
 O - a wand of flame (28/48)
Scrolls
 e - a scroll of silence
 h - 13 scrolls of identify
 j - 2 scrolls of fog
 l - 4 scrolls of amnesia
 n - 12 scrolls of remove curse
 y - 6 scrolls of fear
 z - 2 scrolls of holy word
 B - 5 scrolls of magic mapping
 H - 2 scrolls of summoning
 I - 5 scrolls of enchant weapon
 K - 6 scrolls of recharging
 N - a scroll of noise
 X - 3 scrolls of enchant armour
Potions
 d - 3 potions of might
 m - 4 potions of magic
 p - 5 potions of heal wounds
 t - 3 potions of cancellation
 A - 11 potions of curing
 J - 3 potions of agility
 M - 6 potions of brilliance
 P - 2 potions of lignification
 R - a potion of ambrosia
 V - 4 potions of flight
 W - a potion of cure mutation
Comestibles
 f - 19 bread rations
 q - 27 fruits
 Q - 2 meat rations
 U - 4 slices of pizza


   Skills:
 + Level 12.8 Fighting
 * Level 17.4 Axes
 - Level 8.1 Armour
 + Level 10.2 Dodging
 * Level 15.8 Shields
 + Level 13.3 Invocations


You had 16 spell levels left.
You didn't know any spells.

Dungeon Overview and Level Annotations

Branches:
Dungeon (15/15)            Temple (1/1) D:6            Lair (6/6) D:10
 Shoals (4/4) Lair:3       Spider (1/4) Lair:2        Slime (0/5) Lair:6
    Orc (0/2) D:9          Vaults (0/5) D:13         Depths (1/5) D:15

Altars:
Ashenzari
Cheibriados
Dithmenos
Elyvilon
Fedhas
Gozag
Hepliaklqana
Kikubaaqudgha
Makhleb
Nemelex Xobeh
Okawaru
Qazlal
Ru
Sif Muna
Trog
Uskayaw
Vehumet
Xom
Yredelemnul
Zin
The Shining One
Jiyva

Shops:
Shoals:1 (

Portals:
Trove: D:12 (give +2 fire dragon scales)

Annotations:
D:8 Psyche
Lair:6 1 runed door
Shoals:1 exclusion: Roxanne, Roxanne


Innate Abilities, Weirdness & Mutations

You are under a permanent stasis effect.
You can dig through walls and to a lower floor.
Your four strong arms can wield two-handed weapons with a shield.
You have a pair of large antennae on your head. (SInv)


Message History

You easily resist.
Things that are here:
a rapier; a robe You feel much better.
The faun no longer looks unusually strong.
The faun unwields an uncursed spear.
The faun wields a hunting sling.
The faun shoots a stone.
You reflect the stone off an invisible shield around you!
The stone hits the faun!!
The satyr shoots an arrow.
The arrow hits you!!!
* * * LOW HITPOINT WARNING * * *
The faun shoots a sling bullet.
You reflect the sling bullet off an invisible shield around you!
The sling bullet barely misses the satyr.
The sling bullet hits the faun!!
The faun casts a spell at you.
You easily resist.
The satyr shoots a sling bullet.
You reflect the sling bullet off an invisible shield around you!
The sling bullet hits the satyr!!
The faun unwields an uncursed spear.
The faun wields a hunting sling.
The faun shoots a stone.
The stone hits you!
You die...

≈≈≈≈≈≈≈≈≈≈ ≈≈≈≈#
≈≈≈≈≈≈≈≈≈≈≈ ≈≈≈≈#
≈≈≈≈≈≈≈≈≈. ≈≈≈≈≈#
≈≈≈≈≈≈≈≈.. .(≈≈≈#
≈≈≈≈.≈≈≈.##.≈≈≈≈#
≈≈≈≈.≈≈≈....(≈≈≈#
≈≈≈..c.≈....≈≈≈≈#
.....ccc)@≈≈≈≈≈≈#
≈.....)(††≈≈≈≈≈≈#
≈≈..(cc.≈≈≈≈≈≈≈≈#
≈≈≈.P...≈≈≈≈≈≈≈≈#
≈≈≈#PP#[≈≈≈≈≈≈≈≈#
≈≈ ####≈≈≈≈≈≈≈≈≈#
≈ c PP≈≈≈≈≈≈≈≈#
PP≈≈≈≈≈≈≈≈≈#
PP≈≈≈≈≈≈≈


You could see 3 satyrs and 3 fauns.

Vanquished Creatures
  A kraken (Shoals:1)
  A deep elf annihilator (D:13)
  A dire elephant (Lair:6)
  A merfolk javelineer (Shoals:2)
  5 merfolk impalers
  A yaktaur captain (D:15)
  A great orb of eyes (Depths:1)
  Harold (Lair:1)
  A vault guard (D:13)
  5 hydras
  5 centaur warriors
  3 merfolk avatars
  A catoblepas (Lair:6)
  Erica (D:9)
  An alligator snapping turtle (Shoals:4)
  4 merfolk aquamancers
  A deep troll shaman (Lair:6)
  3 ogre magi
  5 death yaks (Lair:6)
  2 tengu warriors
  Urug (D:10)
  A satyr (Shoals:4)
  Nergalle (Lair:1)
  2 unseen horrors
  4 skeletal warriors (D:14)
  7 sea snakes
  7 hill giants
  An orc knight (D:15)
  2 deep elf magi
  6 harpies
  21 ugly things
  A wolf spider (D:15)
  12 manticores
  3 fauns
  3 cyclopes
  7 black mambas
  4 sirens
  15 elephants
  Joseph (D:8)
  5 water nymphs
  2 centaur zombies
  4 gargoyles
  11 spiny frogs
  A kobold demonologist (D:13)
  A rime drake (Lair:3)
  A yaktaur (D:15)
  8 komodo dragons
  2 tengu conjurers
  A demonic crawler (Spider:1)
  3 meliai (D:14)
  3 polar bears
  7 trolls
  7 two-headed ogres
  3 wind drakes
  26 merfolk
  20 blink frogs
  5 dream sheep
  18 slime creatures
  10 hippogriffs
  3 snapping turtles
  9 water elementals
  A vampire (D:14)
  3 redbacks
  34 yaks
  4 wraiths
  Grum (Lair:1)
  4 wyverns
  4 hungry ghosts
  2 basilisks
  A soldier ant (D:11)
  2 mottled dragons
  8 vampire mosquitoes
  9 water moccasins
  10 orc warriors
  6 porcupines
  3 sky beasts
  3 black bears
  6 ice beasts
  3 boggarts (D:14)
  An eye of draining (D:11)
  6 wolves
  10 ogres
  6 phantoms
  14 centaurs
  7 crocodiles
  2 big kobolds
  13 bullfrogs
  2 gnoll sergeants
  2 wyvern zombies
  7 scorpions
  9 wights
  71 killer bees
  An electric eel (D:13)
  7 howler monkeys
  7 crimson imps
  2 jellies (D:10)
  5 bullfrog skeletons
  9 hounds
  5 centaur skeletons
  12 orc priests
  An iguana (D:8)
  13 orc wizards
  15 worker ants
  2 centaur simulacra
  A hound zombie (D:10)
  15 gnolls
  7 adders
  3 river rats
  4 white imps (D:8)
  An ufetubus (D:8)
  2 adder zombies
  3 oozes
  3 adder skeletons
  A dart slug (D:2)
  6 worms
  2 adder simulacra (D:8)
  5 leopard geckos
  60 orcs
  9 giant cockroaches
  6 goblins
  5 hobgoblins
  17 jackals
  16 kobolds
  8 quokkas
  6 ball pythons
  4 bats
  3 frilled lizards
  13 rats
  4 fungi
  A plant (D:10)
  3 tentacles (Shoals:1)
834 creatures vanquished.

Vanquished Creatures (others)
  A stone giant (Depths:1)
  2 merfolk javelineers
  A centaur warrior (D:13)
  A satyr (Shoals:2)
  A deep elf mage (D:14)
  A cyclops (Shoals:2)
  2 fauns
  3 centaurs (Shoals:2)
  An orc wizard (D:13)
  11 fungi
  6 plants
  6 tentacles (Shoals:1)
36 creatures vanquished.

Grand Total: 870 creatures vanquished

Notes
Turn   | Place    | Note
-------+----------+-------------------------------------------
     0 | D:1      | Ladykiller69 the Formicid Fighter began the quest for the Orb.
     0 | D:1      | Reached XP level 1. HP: 18/18 MP: 1/1
   151 | D:1      | Reached XP level 2. HP: 24/24 MP: 2/2
   918 | D:2      | Reached XP level 3. HP: 29/29 MP: 3/3
  1183 | D:2      | Reached skill level 3 in Axes
  1426 | D:2      | Reached XP level 4. HP: 36/37 MP: 4/4
  1933 | D:3      | Found a radiant altar of Vehumet.
  1962 | D:3      | Reached XP level 5. HP: 42/42 MP: 5/5
  2033 | D:3      | Found a shadowy altar of Dithmenos.
  2033 | D:3      | Found a blossoming altar of Fedhas.
  2150 | D:3      | Found a faded altar of an unknown god.
  2361 | D:3      | You fall through a shaft!
  2438 | D:4      | Reached skill level 4 in Axes
  2558 | D:4      | Found a glowing drain.
  2567 | Sewer    | Entered a sewer
  2581 | Sewer    | Reached XP level 6. HP: 38/48 MP: 6/6
  2787 | Sewer    | Reached skill level 5 in Axes
  3169 | D:4      | Noticed an ogre
  3176 | D:4      | Killed an ogre
  3176 | D:4      | Reached skill level 5 in Shields
  3176 | D:4      | Reached XP level 7. HP: 45/54 MP: 7/7
  3232 | D:4      | Reached skill level 6 in Axes
  3610 | D:4      | Reached XP level 8. HP: 10/60 MP: 8/8
  4168 | D:5      | Entered Level 5 of the Dungeon
  4174 | D:5      | Reached skill level 7 in Axes
  4700 | D:5      | Reached skill level 8 in Axes
  4881 | D:5      | Noticed a hippogriff
  4890 | D:5      | Reached XP level 9. HP: 57/65 MP: 9/9
  4900 | D:5      | Killed a hippogriff
  4900 | D:5      | Reached skill level 9 in Axes
  5019 | D:6      | Found a staircase to the Ecumenical Temple.
  5037 | Temple   | Entered the Ecumenical Temple
  5089 | Temple   | Became a worshipper of Cheibriados the Contemplative
  5648 | D:6      | Found a stormy altar of Qazlal.
  5678 | D:6      | Found a shadowy altar of Dithmenos.
  5699 | D:6      | Reached skill level 10 in Axes
  6083 | D:7      | Reached * piety under Cheibriados
  6253 | D:7      | Noticed a hippogriff
  6267 | D:7      | Killed a hippogriff
  6276 | D:7      | Found a deep blue altar of Sif Muna.
  6362 | D:7      | Reached XP level 10. HP: 71/71 MP: 10/10
  6399 | D:7      | Reached skill level 1 in Invocations
  6760 | D:8      | Reached skill level 1 in Dodging
  6777 | D:8      | Reached ** piety under Cheibriados
  6965 | D:8      | Reached skill level 11 in Axes
  6965 | D:8      | Reached skill level 5 in Armour
  7048 | D:8      | Noticed Psyche
  7074 | D:8      | Noticed Joseph
  7078 | D:8      | Reached skill level 5 in Fighting
  7101 | D:8      | Killed Joseph
  7192 | D:8      | Found a stormy altar of Qazlal.
  7323 | D:8      | Reached *** piety under Cheibriados
  7683 | D:9      | Found a staircase to the Orcish Mines.
  7704 | D:9      | Reached XP level 11. HP: 52/81 MP: 6/14
  7779 | D:9      | Reached **** piety under Cheibriados
  7862 | D:9      | Noticed a cyclops
  7868 | D:9      | Killed a cyclops
  7868 | D:9      | Reached skill level 5 in Invocations
  7893 | D:9      | Noticed Erica
  7912 | D:9      | Killed Erica
  8009 | D:9      | Reached skill level 12 in Axes
  8229 | D:9      | Reached ***** piety under Cheibriados
  8275 | D:9      | Reached XP level 12. HP: 61/91 MP: 11/17
  8289 | D:9      | You fall through a shaft for 2 floors!
  8412 | D:10     | Entered Level 10 of the Dungeon
  8620 | D:10     | Found a staircase to the Lair.
  8682 | D:10     | Noticed Urug
  8698 | D:10     | Killed Urug
  9205 | D:10     | Reached ****** piety under Cheibriados
  9205 | D:10     | Reached skill level 5 in Dodging
  9302 | D:11     | Noticed an ogre mage
  9311 | D:11     | Killed an ogre mage
  9321 | D:11     | Reached skill level 13 in Axes
 10181 | D:12     | Reached XP level 13. HP: 94/99 MP: 19/19
 10201 | D:12     | Found a portal to a secret trove of treasure.
 10316 | D:13     | Noticed a five-headed hydra
 10316 | D:13     | Noticed a centaur warrior
 10321 | D:13     | You fall through a shaft!
 10416 | D:13     | Noticed a centaur warrior
 10434 | D:13     | Killed a centaur warrior
 10434 | D:13     | Reached skill level 14 in Axes
 10472 | D:13     | Got a faintly glowing morningstar
 10473 | D:13     | Identified the +7 morningstar of the Shallot {freeze, rC+ Str+3 Stlth+} (You found it on level 13 of the Dungeon)
 10647 | D:13     | Noticed a deep elf annihilator
 10802 | Lair:1   | Entered Level 1 of the Lair of Beasts
 10802 | Lair:1   | Noticed an eight-headed hydra
 10812 | Lair:1   | Killed an eight-headed hydra
 10871 | Lair:1   | Noticed Harold
 10879 | Lair:1   | Killed Harold
 10964 | Lair:1   | Noticed Nergalle
 10976 | Lair:1   | Killed Nergalle
 11164 | Lair:1   | Noticed Grum
 11175 | Lair:1   | Killed Grum
 11224 | Lair:1   | Reached skill level 10 in Shields
 11530 | Lair:2   | Reached XP level 14. HP: 109/109 MP: 21/21
 11798 | Lair:2   | Reached skill level 10 in Invocations
 11895 | Lair:2   | Found a hole to the Spider Nest.
 12219 | Spider:1 | Entered Level 1 of the Spider Nest
 12505 | Lair:3   | Reached skill level 10 in Fighting
 12556 | Lair:3   | Found a staircase to the Shoals.
 13325 | Lair:4   | Reached skill level 15 in Axes
 13804 | Lair:6   | Entered Level 6 of the Lair of Beasts
 14061 | Lair:6   | Found a runed door.
 14061 | Lair:6   | Found a viscous altar of Jiyva.
 14062 | Lair:6   | Found a staircase to the Slime Pits.
 14062 | Lair:6   | Noticed an acid blob
 14062 | Lair:6   | Noticed an acid blob
 14065 | Lair:6   | Noticed an acid blob
 14190 | Lair:6   | Reached XP level 15. HP: 110/117 MP: 23/23
 14474 | Lair:5   | Got a pair of faintly humming gloves
 14480 | Lair:5   | Identified the cursed +0 pair of gloves of the Iron City of Dis {+Inv Int+4} (You found it on level 5 of the Lair of Beasts)
 15630 | D:13     | Found a gate to the Vaults.
 15828 | D:13     | Found a glowing golden altar of the Shining One.
 16074 | D:14     | Reached skill level 16 in Axes
 16616 | D:14     | Reached XP level 16. HP: 126/126 MP: 24/24
 16765 | D:15     | Entered Level 15 of the Dungeon
 16941 | D:15     | Found a staircase to the Depths.
 17574 | Depths:1 | Entered Level 1 of the Depths
 18222 | Shoals:1 | Entered Level 1 of the Shoals
 18428 | Shoals:1 | Found Heh Liga's Antique Weapon Boutique.
 18428 | Shoals:1 | Noticed a kraken
 18443 | Shoals:1 | Killed a kraken
 18757 | Shoals:1 | Noticed Roxanne
 18841 | Shoals:2 | Reached XP level 17. HP: 89/134 MP: 18/26
 18884 | Shoals:2 | Reached skill level 17 in Axes
 19064 | Shoals:2 | Reached skill level 15 in Shields
 19169 | Shoals:2 | Reached skill level 10 in Dodging
 19325 | Shoals:2 | Found a hazy altar of Hepliaklqana.
 20125 | Shoals:4 | Entered Level 4 of the Shoals
 20165 | Shoals:4 | Shot with a stone by a faun

Skill      XL: |  1  2  3  4  5  6  7  8  9 10 11 12 13 14 15 16 17 |
---------------+----------------------------------------------------+-----
Axes           | 3 4 5 6 8 10 11 12 13 14 15 16 17 | 17.4
Shields        | 4 5 7 9 10 12 13 14 15 | 15.8
Fighting       | 4 5 7 8 9 10 11 12 | 12.8
Armour         | 4 5 7 8 |  8.1
Invocations    | 4 6 8 9 10 11 12 13 | 13.3
Dodging        | 3 4 5 7 8 9 10 | 10.2

Action                   |  1- 3 |  4- 6 |  7- 9 | 10-12 | 13-15 | 16-18 || total
-------------------------+-------+-------+-------+-------+-------+-------++-------
Melee: War axe           |    90 |   202 |   442 |   850 |   991 |   695 ||  3270
       Long sword        |       |       |       |     5 |       |       ||     5
       Morningstar       |       |       |       |       |    27 |       ||    27
Throw: Tomahawk          |       |     4 |     2 |     1 |       |       ||     7
       Javelin           |       |       |       |     1 |       |     4 ||     5
Invok: Bend Time         |       |       |       |     3 |       |       ||     3
       Slouch            |       |       |       |     2 |     1 |     1 ||     4
       Step From Time    |       |       |       |       |     1 |       ||     1
       Temporal Distorti |       |       |       |       |       |     1 ||     1
 Abil: Dig               |       |    10 |     7 |    14 |    18 |    11 ||    60
       Shaft Self        |       |       |       |     1 |     1 |       ||     2
  Use: Scroll            |       |     3 |       |     7 |    15 |     2 ||    27
       Potion            |       |     5 |       |       |       |     1 ||     6
 Stab: Sleeping          |       |       |     1 |     3 |     5 |     1 ||    10
       Distracted        |       |       |       |     1 |     1 |       ||     2
       Held in net/web   |       |       |       |       |     2 |       ||     2
       Petrified         |       |       |       |       |     9 |       ||     9
  Eat: Chunk             |     1 |     8 |    12 |    14 |    16 |     9 ||    60
       Royal jelly       |       |       |     1 |       |       |       ||     1
Armor: Scale mail        |    36 |    46 |    22 |       |       |       ||   104
       Troll leather arm |       |       |    77 |   129 |    85 |    65 ||   356
Dodge: Dodged            |    26 |    51 |   135 |   448 |   264 |   259 ||  1183
Block: Shield            |    40 |    95 |   252 |   687 |    57 |       ||  1131
       Large shield      |       |       |       |       |   883 |   756 ||  1639
       Reflection        |       |       |       |       |    18 |    87 ||   105
       Rpst.: Long sword |       |       |       |     2 |       |       ||     2
